 Seeded DCSS version 0.30.0 (webtiles) character file.

Game seed: 20230505 (custom seed)

1794 Kazon the Chopper (level 8, -2/90 HPs)
             Began as a Demonspawn Gladiator on May 5, 2023.
             Slain by a troll (9 damage)
             ... on level 7 of the Dungeon.
             The game lasted 00:27:59 (5543 turns).

Kazon the Chopper (Demonspawn Gladiator)            Turns: 5543, Time: 00:28:00

Health: -2/90      AC: 24    Str: 15    XL:     8   Next: 82%
Magic:  17/17      EV:  2    Int: 11    God:
Gold:   264        SH:  0    Dex: 15    Spells: 5/8 levels left

rFire   . . .        a - +0 war axe
rCold   + . .        (no shield)
rNeg    . . .        T - melded +2 chain mail {Will+}
rPois   +            u - melded +1 hat
rElec   .            S - melded +1 cloak
rCorr   .            (gloves currently unavailable)
SInv    .            (boots currently unavailable)
Will    .....        M - amulet of regeneration
Stlth   ++           m - ring of protection from cold
HPRegen 1.15/turn    G - ring of magical power
MPRegen 0.30/turn

%: no passive effects
@: tree-form, invisible
A: stationary, stasis, torment immunity, boosted hp, powered by death 1, magic
regeneration, (sharp scales 1), (demonic touch 2)
a: no special abilities


You were on level 7 of the Dungeon.
You were a tree.
You visited 2 branches of the dungeon, and saw 8 of its levels.
You also visited: Ossuary.

You collected 264 gold pieces.

Inventory:

Hand Weapons
 a - a +0 war axe (weapon)
 e - a +0 dagger of venom
Missiles
 d - 3 throwing nets
 k - 8 stones (quivered)
 s - 2 curare-tipped darts
 x - 28 poisoned darts
 y - 4 silver boomerangs
 L - a javelin
Armour
 c - a +0 kite shield
 u - a +1 hat (melded)
 S - a +1 cloak (melded)
 T - a +2 chain mail of willpower (melded)
Jewellery
 m - a ring of protection from cold (left branch)
 E - the amulet of Xozaowu {Reflect Harm rN+ Str-5 Dex+4 SH+5}
   (You found it on level 3 of the Dungeon)

   [amulet of reflection]

   It reflects blocked missile attacks.
   Str:       It affects your strength (-5).
   Dex:       It affects your dexterity (+4).
   rN:        It protects you from negative energy.
   SH:        It affects your SH (+5).
   Harm:      It increases damage dealt and taken.
 G - a ring of magical power (right branch)
 M - an amulet of regeneration (around neck)
Wands
 R - a wand of paralysis (9)
Scrolls
 g - 3 scrolls of identify {unknown}
 h - 2 scrolls of poison
 j - a scroll of fog {unknown}
 p - 2 scrolls of silence {unknown}
 r - a scroll of vulnerability {unknown}
 t - a scroll of noise {unknown}
 w - 4 scrolls of teleportation
 C - a scroll of enchant armour {unknown}
 K - 2 scrolls of fear {unknown}
 N - 3 scrolls of amnesia {unknown}
 O - a scroll of enchant weapon {unknown}
 Q - a scroll of magic mapping {unknown}
Potions
 f - 2 potions of might
 i - 2 potions of invisibility
 l - 3 potions of flight
 o - a potion of cancellation {unknown}
 q - 3 potions of lignification
 v - a potion of degeneration {unknown}
 z - 3 potions of curing
 A - a potion of magic {unknown}
 B - 3 potions of heal wounds {unknown}
 D - 4 potions of haste {unknown}
 F - 4 potions of brilliance {unknown}
 H - a potion of berserk rage {unknown}
 I - a potion of attraction {unknown}
 J - 5 potions of ambrosia {unknown}
 P - a potion of resistance {unknown}


   Skills:
 + Level 4.2 Fighting
 + Level 1.8 Short Blades
 + Level 6.7 Axes
 + Level 2.8 Throwing
 + Level 2.7 Armour
 + Level 4.4 Dodging
 + Level 1.2 Stealth
 + Level 1.4 Shields
 + Level 0.5 Spellcasting
 + Level 0.5 Conjurations
 * Level 4.5 Evocations


You had 5 spell levels left.
You knew the following spells:

 Your Spells              Type           Power      Damage    Failure   Level
a - Magic Dart            Conj           4%         1d3       28%         1
b - Searing Ray           Conj           2%         2d4       38%         2

Your spell library contained the following spells:

 Spells                   Type           Power      Damage    Failure   Level
 Lesser Beckoning         Tloc           0%         N/A       45%         2
 Gell's Gravitas          Tloc           0%         N/A       71%         3
 Ozocubu's Armour         Ice            0%         N/A       71%         3
 Teleport Other           Tloc           0%         N/A       71%         3
 Fulminant Prism          Conj/Hex       0%         3d5       97%         4
 Metabolic Englaciation   Hex/Ice        0%         N/A       100%        5
 Simulacrum               Ice/Necr       0%         N/A       100%        6


Dungeon Overview and Level Annotations

Branches:
Dungeon (7/15)             Temple (1/1) D:6         Ossuary (visited)

Altars:
Ashenzari
Cheibriados
Fedhas
Gozag
Kikubaaqudgha
Nemelex Xobeh
Okawaru
Qazlal
Ru
Sif Muna
Trog
Uskayaw
Vehumet
Wu Jian
Xom
Yredelemnul

Shops:
D:5 =


Innate Abilities, Weirdness & Mutations

You are a tree.
Your roots penetrate the ground, keeping you stationary.
You cannot be teleported.
You are immune to unholy pain and torment.
Your maximum health is greatly increased.
Your equipment is partially melded.
You regenerate a little health from kills.
You regenerate magic rapidly.
((You are partially covered in razor-sharp scales. (AC +1, Slay +1)))
((Your touch may inflict irresistible damage on your foes.))


Message History

* * * LOW HITPOINT WARNING * * *
The troll claws you but does no damage. The troll claws you.
* * * LOW HITPOINT WARNING * * *
An orc priest comes into view. It is wielding a +0 flail.
You barely miss the troll.
The troll is moderately wounded.
The orc priest shouts!
The troll bites you but does no damage. The troll closely misses you. x2
There is an open door here.
You strike the helpless troll from behind!
You slash the troll! Your touch misses the troll.
The troll is lightly wounded.
The troll bites you!
* * * LOW HITPOINT WARNING * * *
The troll claws you.
* * * LOW HITPOINT WARNING * * *
The troll claws you but does no damage.
The orc wizard gestures at you while chanting.
The puff of flame hits the orc!
The orc dies!
You hit the troll. Your touch misses the troll.
The troll is moderately wounded.
The troll bites you but does no damage. The troll claws you.
* * * LOW HITPOINT WARNING * * *
The troll claws you but does no damage.
You hit the troll.
The troll is moderately wounded.
The troll bites you!
* * * LOW HITPOINT WARNING * * *
The troll barely misses you. x2
It was a potion of flight.
You feel very buoyant.
You fly up into the air.
The troll closely misses you. The troll claws you but does no damage.
The troll barely misses you.
It was a potion of lignification.
You turn into a tree.
Your +1 cloak melds into your body.
Your +1 hat melds into your body.
Your +2 chain mail of willpower melds into your body.
You feel less strong-willed.
Your roots penetrate the ground.
The troll bites you but does no damage. The troll claws you!
You die...

..... ## #.#...# #...# ...>..#
#.....## ##..# #'#.#?# #......#
#..# .=.#.# ###......# #..# ..#.#
#........# ##..# ###.#.#
#.#####+## ##.... ###...#o#
#.#####.####..#.# #.......##
######....#........#.. #.#?#...o#
#.ooT♣...[...#####.### . #.##)#
#.#######..#.# #.# .#####
#.###.#........#.#####.###
....####'#...#.#####..#.##......#
#..............#.....#.##.##.#.#
##..............#.###.#.##.##...#
.............##.#.....#)....#.###
####.........##.#..#.))######.#
#...............#...# ###


You could see a troll (unable to see you), an orc priest (unable to see you) and
an orc wizard (unable to see you).

Vanquished Creatures
  A water moccasin (D:5)
  3 ice beasts
  A centaur (D:7)
  2 phantoms
  5 water moccasin zombies (Ossuary)
  2 howler monkeys
  2 jellies
  2 hounds
  2 orc priests
  A gnoll bouda (D:7)
  8 orc wizards
  Natasha (thrice) (D:3)
  An iguana (D:4)
  2 mummies (Ossuary)
  3 gnolls (D:7)
  9 adders
  2 shadow imps
  8 adder zombies (Ossuary)
  A worm (D:5)
  2 dart slugs (D:4)
  26 orcs
  5 bats
  5 endoplasms
  4 giant cockroaches (D:1)
  12 goblins
  12 hobgoblins
  6 jackals (D:1)
  9 kobolds
  A quokka (D:2)
  5 ball pythons
  2 frilled lizards
  4 gnoll zombies (Ossuary)
  5 hobgoblin zombies (Ossuary)
  2 kobold zombies (Ossuary)
  7 orc zombies (Ossuary)
  5 rats
170 creatures vanquished.

Vanquished Creatures (others)
  An orc (D:7)
1 creature vanquished.

Grand Total: 171 creatures vanquished

Notes
Turn   | Place    | Note
-------+----------+-------------------------------------------
     0 | D:1      | Kazon the Demonspawn Gladiator began the quest for the Orb.
     0 | D:1      | Reached XP level 1. HP: 16/16 MP: 1/1
   366 | D:1      | Reached skill level 3 in Axes
   387 | D:1      | Gained mutation: You regenerate magic rapidly. [demonic
                  | ancestry]
   387 | D:1      | Reached XP level 2. HP: 22/22 MP: 2/2
   582 | D:1      | Gained mutation: Your touch may inflict minor irresistible
                  | damage on your foes. [demonic ancestry]
   582 | D:1      | Reached XP level 3. HP: 24/27 MP: 3/3
  1216 | D:2      | Reached XP level 4. HP: 33/33 MP: 4/4
  1990 | D:3      | Reached skill level 1 in Armour
  2002 | D:3      | Noticed Natasha
  2009 | D:3      | Killed Natasha
  2010 | D:3      | Reached skill level 1 in Evocations
  2013 | D:3      | Noticed Natasha
  2014 | D:3      | Reached skill level 4 in Axes
  2020 | D:3      | Killed Natasha
  2021 | D:3      | Gained mutation: You regenerate a little health from kills.
                  | [demonic ancestry]
  2021 | D:3      | Reached XP level 5. HP: 36/38 MP: 5/5
  2141 | D:3      | Identified the amulet of Xozaowu {Reflect Harm rN+ Str-5
                  | Dex+4 SH+5}
  2356 | D:3      | Noticed Natasha
  2359 | D:3      | Killed Natasha
  2720 | D:4      | Gained mutation: You are partially covered in razor-sharp
                  | scales. (AC +1, Slay +1) [demonic ancestry]
  2720 | D:4      | Reached XP level 6. HP: 40/46 MP: 6/6
  2974 | D:4      | Found an ancient bone altar of Kikubaaqudgha.
  3110 | D:4      | Found a shimmering blue altar of Sif Muna.
  3210 | D:5      | Entered Level 5 of the Dungeon
  3263 | D:5      | Found Cafes's Jewellery Emporium.
  3322 | D:5      | Found a sand-covered staircase.
  3327 | Ossuary  | Entered an ossuary
  3351 | Ossuary  | Reached skill level 5 in Axes
  3388 | Ossuary  | Gained mutation: Your touch may inflict irresistible damage
                  | on your foes. [demonic ancestry]
  3388 | Ossuary  | Reached XP level 7. HP: 37/51 MP: 7/7
  3796 | D:5      | Learned a level 1 spell: Magic Dart
  3799 | D:5      | Learned a level 2 spell: Searing Ray
  3814 | D:5      | Reached skill level 6 in Axes
  3814 | D:5      | Reached skill level 1 in Shields
  4164 | D:5      | Reached XP level 8. HP: 58/58 MP: 8/8
  4350 | D:5      | Found a hide-covered altar of Uskayaw.
  4367 | D:5      | Found a stormy altar of Qazlal.
  4673 | D:6      | Reached skill level 1 in Short Blades
  4712 | D:6      | Reached skill level 1 in Stealth
  4890 | D:6      | Found a staircase to the Ecumenical Temple.
  4896 | Temple   | Entered the Ecumenical Temple
  4896 | Temple   | Found a transporter.
  4896 | Temple   | Found a transporter.
  4898 | Temple   | Found a transporter.
  4898 | Temple   | Found a transporter.
  5218 | D:7      | Found a basalt altar of Yredelemnul.
  5509 | D:7      | Noticed a troll
  5541 | D:7      | HP: 3/60 [troll (9)]
  5543 | D:7      | Slain by a troll

Illustrated notes

Levels and vault maps discovered:
D:1:      dpeg_arrival_circle_labyrinth_c, layout_basic
D:2:      layout_basic
D:3:      layout_basic, uniq_natasha
D:4:      layout_gridville, nicolae_sif_muna_little_library,
          mainiacjoe_overflow_brackets
D:5:      layout_loops_ring, pf_just_have_faith, nicolae_overflow_hidden_temple,
          serial_shops, shop, nicolae_ossuary_entry_plus,
          hangedman_abyss_or_decor_stabs, corexii_shack,
          minmay_misc_feat_secret_circle
D:6:      layout_loops_ring, minmay_temple_entry_enclosed_plants
D:7:      layout_basic, mainiacjoe_overflow_boulevard
Temple:   hellmonk_temple_divided_pantheon

Skill      XL: |  1  2  3  4  5  6  7  8 |
---------------+-------------------------+-----
Axes           | 3 4 5 6 |  6.7
Dodging        | 3 4 |  4.4
Armour         | 1 2 |  2.7
Throwing       | 2 |  2.8
Evocations     | 1 2 3 4 |  4.5
Fighting       | 3 4 |  4.2
Shields        | 1 |  1.4
Short Blades   | 1 |  1.8
Stealth        | 1 |  1.2
Spellcasting   | |  0.5
Conjurations   | |  0.5

Action                     |  1- 3 |  4- 6 |  7- 9 || total
---------------------------+-------+-------+-------++-------
  Melee: War axe           |    77 |   175 |   150 ||   402
         Touch             |     7 |    21 |    31 ||    59
         Dagger            |       |       |    94 ||    94
  Throw: Stone             |    23 |    36 |    24 ||    83
         Dart              |       |     5 |       ||     5
   Cast: Magic Dart        |       |       |     6 ||     6
         Searing Ray       |       |       |     2 ||     2
    Use: Scroll            |       |       |     2 ||     2
         Potion            |       |       |     4 ||     4
   Stab: Sleeping          |       |     2 |     1 ||     3
         Invisible         |       |       |     1 ||     1
 Armour: Leather armour    |    39 |    78 |    72 ||   189
         Chain mail        |       |       |    15 ||    15
         Skin              |       |       |     1 ||     1
  Dodge: Dodged            |    65 |   113 |   135 ||   313
  Block: Kite shield       |       |    16 |    57 ||    73
